Canucks vs Phantoms
Created - October 24, 2024 at 20:35
Goals
|
| Canucks |
2 |
2 |
2 |
6 |
| Phantoms |
0 |
2 |
2 |
4 |
|
Shots
|
| Canucks |
9 |
15 |
8 |
32 |
| Phantoms |
12 |
10 |
14 |
36 |
|
1st period
1. Canucks , Aleksi Heponiemi 1 (Juho Lammikko 1, Axel Holmstrom 1) at 0:51
2. Canucks , Juho Lammikko 1 (Aleksi Heponiemi 1, Curtis Lazar 1) at 19:18
Penalties :
William Lockwood (Abb) for Delaying the game (Minor) at 6:14, Sven Andrighetto (Leh) for Delaying the game (Minor) at 19:21
2nd period
3. Canucks , Daniil Miromanov 1 (Daniel Zaar 1, Ryan Lomberg 4) at 1:19 (PP)
4. Phantoms , Nick Sorensen 1 (Rinat Valiev 1, Zachary Fucale) at 11:30
5. Canucks , Curtis Lazar 3 (Ryan Lomberg 5, Nicolas Petan 3) at 16:22 (PP)
6. Phantoms , Nick Sorensen 2 (Cristoval Nieves 1, Joe Snively 2) at 17:34
Penalties :
Will Borgen (Abb) for Tripping (Minor) at 3:04, Nick Sorensen (Leh) for Tripping (Minor) at 8:18, Sven Andrighetto (Leh) for Hooking (Minor) at 13:58, Brett Murray (Leh) for Tripping (Minor) at 16:14
3rd period
7. Canucks , Lane Pederson 1 (C.J. Smith 1) at 7:30
8. Phantoms , Morgan Klimchuk 1 (Joe Snively 3, Sven Andrighetto 1) at 14:56
9. Phantoms , Joe Snively 1 (Morgan Klimchuk 1) at 16:22
10. Canucks , Ryan Lomberg 1 (Nicolas Petan 4, Curtis Lazar 2) at 19:53 (Empty Net)
Penalties :
No Penalty
Goalie Stats
Thatcher Demko (Abb), 32 saves from 36 shots - (0.889), W, 2-0-0, 60:00 minutes
Zachary Fucale (Leh), 26 saves from 31 shots - (0.839), L, 0-2-0, 59:11 minutes
Players Stats for Canucks
Player Name G A P +/- PIM S H SB GA TA FO MP PP MP PK MP
------------------------------------------------------------------------------------
Adam Ollas-Mattsson 0 0 0 -1 0 1 1 1 1 3 0/0 28:40 3:26 2:30
Aleksi Heponiemi 1 1 2 0 0 3 0 0 0 1 2/2 10:33 0:00 0:20
Axel Holmstrom 0 1 1 -1 0 0 3 2 0 0 4/12 17:37 2:49 1:29
C.J. Smith 0 1 1 1 0 1 0 0 0 0 0/0 6:29 0:00 0:00
Curtis Lazar 1 2 3 0 0 4 0 0 1 0 1/2 23:12 3:15 0:00
Dan Renouf 0 0 0 -1 0 0 1 1 2 1 0/0 28:40 3:26 2:30
Daniel Zaar 0 1 1 -1 0 1 2 1 1 0 0/0 16:02 2:49 0:00
Daniil Miromanov 1 0 1 0 0 3 0 0 0 0 0/0 20:06 2:38 1:28
Guillaume Brisebois 0 0 0 1 0 0 0 2 0 1 0/0 11:16 0:00 0:02
Juho Lammikko 1 1 2 0 0 5 1 0 1 0 0/0 10:45 0:00 0:54
Lane Pederson 1 0 1 1 0 2 1 0 0 0 0/2 6:29 0:00 0:00
Mackenzie MacEachern 0 0 0 0 0 2 3 0 0 0 0/0 11:19 0:00 1:06
Nicolas Petan 0 2 2 0 0 2 6 1 3 1 22/39 24:46 3:15 1:34
Ryan Lomberg 1 2 3 0 0 7 0 2 3 0 1/2 24:43 3:15 1:31
Trevor Moore 0 0 0 -1 0 0 2 0 0 1 0/0 17:10 2:49 1:02
Will Borgen 0 0 0 1 2 0 2 2 0 0 0/0 11:19 0:00 0:00
William Lagesson 0 0 0 0 0 1 0 0 1 0 0/0 20:04 2:38 1:26
William Lockwood 0 0 0 1 2 0 0 0 0 0 0/0 6:50 0:00 0:00
Players Stats for Phantoms
Player Name G A P +/- PIM S H SB GA TA FO MP PP MP PK MP
------------------------------------------------------------------------------------
A.J. Greer 0 0 0 0 0 1 3 1 0 0 0/2 17:01 1:56 1:58
Blake Heinrich 0 0 0 1 0 2 0 1 1 1 0/0 27:18 2:41 3:47
Brett Murray 0 0 0 0 2 1 3 1 3 0 0/0 11:34 0:00 0:08
Cristoval Nieves 0 1 1 0 0 3 0 0 0 0 1/4 11:39 0:00 0:14
David Kampf 0 0 0 -2 0 5 0 1 0 0 3/7 8:18 0:00 0:00
Joe Snively 1 2 3 2 0 3 3 0 1 2 19/36 22:58 2:02 3:48
Josiah Slavin 0 0 0 -2 0 1 0 0 0 0 0/0 8:18 0:00 0:00
Lucas Wallmarkk 0 0 0 0 0 1 0 2 0 0 5/7 16:24 1:56 1:21
Matt Kiersted 0 0 0 -1 0 1 2 3 0 1 0/0 20:51 1:17 2:06
Mikko Lehtonen 0 0 0 -1 0 4 0 2 0 1 0/0 20:51 1:17 2:06
Morgan Klimchuk 1 1 2 2 0 5 1 0 0 1 0/0 22:50 2:02 3:42
Nick Sorensen 2 0 2 0 2 4 1 0 0 0 0/0 11:51 0:00 0:00
Oliver Wahlstrom 0 0 0 -2 0 0 0 1 1 0 0/0 8:18 0:00 0:00
Rem Pitlick 0 0 0 0 0 2 1 0 1 0 0/0 15:33 1:56 0:57
Riley Stillman 0 0 0 0 0 0 0 1 0 0 0/0 11:51 0:00 0:11
Rinat Valiev 0 1 1 1 0 1 2 2 1 5 0/0 27:18 2:41 3:47
Sven Andrighetto 0 1 1 2 4 2 1 0 0 1 1/3 19:08 2:02 0:00
Ty Smith 0 0 0 0 0 0 0 0 0 1 0/0 11:51 0:00 0:11
3 Stars
1 - Joe Snively (Leh)
2 - Ryan Lomberg (Abb)
3 - Curtis Lazar (Abb)
Power Play
Canucks - 2 on 4 Attempt(s) - 50.00%
Phantoms - 0 on 2 Attempt(s) - 0.00%
Penalty Kill
Canucks - 2 on 2 Attempt(s) - 100.00%
- Score 0 goal in Penalty Kill
Phantoms - 2 on 4 Attempt(s) - 50.00%
- Score 0 goal in Penalty Kill
Team Stat
Canucks - Hits : 22 - Faceoff Wins : 30 - Blocked Shots : 12 - Penalty Minutes : 4
Phantoms - Hits : 17 - Faceoff Wins : 29 - Blocked Shots : 15 - Penalty Minutes : 8
Official
Referees : Wes McCauley and Dan O'Rourke
Linesman : Brian Mach and Scott Cherrey
Game Notes
Ryan Lomberg has scored in a empty net!
Finance
Level 1 -- Attendance: 1991 (99.55%) -- Ticket Income $139,370
Level 2 -- Attendance: 999 (99.90%) -- Ticket Income $39,960
Total Attendance: 2990 (99.67%)
Total Ticket Income: $179,330
Other Income: $8,966
Total Income: $188,296
Canucks
5 vs 5 Forward
Center Left Wing Right Wing Time % Phy DF OF
1 Nicolas Petan Ryan Lomberg Curtis Lazar 56 1 2 2
2 Axel Holmstrom Trevor Moore Daniel Zaar 30 1 2 2
3 Aleksi Heponiemi Mackenzie MacEachern Juho Lammikko 10 1 2 2
4 Lane Pederson C.J. Smith William Lockwood 4 1 2 2
5 vs 5 Defense
Defense Defense Time % Phy DF OF
1 Adam Ollas-Mattsson Dan Renouf 56 1 2 2
2 William Lagesson Daniil Miromanov 30 1 2 2
3 Guillaume Brisebois Will Borgen 10 1 2 2
4 Adam Ollas-Mattsson Dan Renouf 4 1 2 2
PowerPlay Forward
Center Left Wing Right Wing Time % Phy DF OF
1 Nicolas Petan Ryan Lomberg Curtis Lazar 60 0 0 5
2 Axel Holmstrom Trevor Moore Daniel Zaar 40 0 0 5
PowerPlay Defense
Defense Defense Time % Phy DF OF
1 Adam Ollas-Mattsson Dan Renouf 60 0 0 5
2 William Lagesson Daniil Miromanov 40 0 0 5
Penalty Kill 4 Players Forward
Center Wing Time % Phy DF OF
1 Nicolas Petan Ryan Lomberg 60 1 2 2
2 Axel Holmstrom Trevor Moore 40 1 2 2
Penalty Kill 4 Players Defense
Defense Defense Time % Phy DF OF
1 Adam Ollas-Mattsson Dan Renouf 60 1 2 2
2 William Lagesson Daniil Miromanov 40 1 2 2
Penalty Kill - 3 Players Forward
Forward Time % Phy DF OF
1 Nicolas Petan 60 1 2 2
2 Axel Holmstrom 40 1 2 2
Penalty Kill - 3 Players Defense
Defense Defense Time % Phy DF OF
1 Adam Ollas-Mattsson Dan Renouf 60 1 2 2
2 William Lagesson Daniil Miromanov 40 1 2 2
4 vs 4 Forward
Center Wing Time % Phy DF OF
1 Nicolas Petan Ryan Lomberg 60 1 2 2
2 Axel Holmstrom Trevor Moore 40 1 2 2
4 vs 4 Defense
Defense Defense Time % Phy DF OF
1 Adam Ollas-Mattsson Dan Renouf 60 1 2 2
2 William Lagesson Daniil Miromanov 40 1 2 2
Last Minutes Offensive
Center Left Wing Right Wing Defense Defense
Nicolas Petan Ryan Lomberg Curtis Lazar Adam Ollas-Mattsson Dan Renouf
Last Minutes Defensive
Center Left Wing Right Wing Defense Defense
Nicolas Petan Ryan Lomberg Curtis Lazar Adam Ollas-Mattsson Dan Renouf
Goaltenders
Starting : Thatcher Demko
Backup : Casey DeSmith
Extra Forwards
Normal : Juho Lammikko, Trevor Moore, Axel Holmstrom - PP : Juho Lammikko, Trevor Moore - PK : Juho Lammikko
Extra Defensemen
Normal : Daniil Miromanov, Guillaume Brisebois, Will Borgen - PP : Daniil Miromanov - PK : Daniil Miromanov, Guillaume Brisebois
Penalty Shots
Curtis Lazar, Daniel Zaar, Ryan Lomberg, Nicolas Petan, Juho Lammikko
Custom OT Lines Forwards
Curtis Lazar, Daniel Zaar, Ryan Lomberg, Nicolas Petan, Juho Lammikko, Trevor Moore, Axel Holmstrom, Mackenzie MacEachern, C.J. Smith, William Lockwood
Custom OT Lines Defensemen
Adam Ollas-Mattsson, Dan Renouf, William Lagesson, Daniil Miromanov, Guillaume Brisebois
Scratches
Charles Hudon (Healthy), Brandon Saigeon (Healthy), Jay O'Brien (Healthy), Jack Rathbone (Healthy), Michael Kesselring (Healthy)
Tobias Lindberg (Healthy), Rasmus Asplund (Healthy), Aku Raty (Healthy), Jake Paterson (Healthy), Marek Langhamer (Healthy)
Phantoms
5 vs 5 Forward
Center Left Wing Right Wing Time % Phy DF OF
1 Joe Snively Morgan Klimchuk Sven Andrighetto 40 1 2 2
2 Lucas Wallmarkk A.J. Greer Rem Pitlick 30 1 2 2
3 Cristoval Nieves Brett Murray Nick Sorensen 20 1 2 2
4 David Kampf Josiah Slavin Oliver Wahlstrom 10 1 2 2
5 vs 5 Defense
Defense Defense Time % Phy DF OF
1 Blake Heinrich Rinat Valiev 40 1 2 2
2 Mikko Lehtonen Matt Kiersted 30 1 2 2
3 Riley Stillman Ty Smith 20 1 2 2
4 Blake Heinrich Rinat Valiev 10 1 2 2
PowerPlay Forward
Center Left Wing Right Wing Time % Phy DF OF
1 Joe Snively Morgan Klimchuk Sven Andrighetto 60 1 2 2
2 Lucas Wallmarkk A.J. Greer Rem Pitlick 40 1 2 2
PowerPlay Defense
Defense Defense Time % Phy DF OF
1 Blake Heinrich Rinat Valiev 60 1 2 2
2 Mikko Lehtonen Matt Kiersted 40 1 2 2
Penalty Kill 4 Players Forward
Center Wing Time % Phy DF OF
1 Joe Snively Morgan Klimchuk 60 1 2 2
2 Lucas Wallmarkk A.J. Greer 40 1 2 2
Penalty Kill 4 Players Defense
Defense Defense Time % Phy DF OF
1 Blake Heinrich Rinat Valiev 60 1 2 2
2 Mikko Lehtonen Matt Kiersted 40 1 2 2
Penalty Kill - 3 Players Forward
Forward Time % Phy DF OF
1 Joe Snively 60 1 2 2
2 Lucas Wallmarkk 40 1 2 2
Penalty Kill - 3 Players Defense
Defense Defense Time % Phy DF OF
1 Blake Heinrich Rinat Valiev 60 1 2 2
2 Mikko Lehtonen Matt Kiersted 40 1 2 2
4 vs 4 Forward
Center Wing Time % Phy DF OF
1 Joe Snively Morgan Klimchuk 60 1 2 2
2 Lucas Wallmarkk A.J. Greer 40 1 2 2
4 vs 4 Defense
Defense Defense Time % Phy DF OF
1 Blake Heinrich Rinat Valiev 60 1 2 2
2 Mikko Lehtonen Matt Kiersted 40 1 2 2
Last Minutes Offensive
Center Left Wing Right Wing Defense Defense
Joe Snively Morgan Klimchuk Sven Andrighetto Blake Heinrich Rinat Valiev
Last Minutes Defensive
Center Left Wing Right Wing Defense Defense
Joe Snively Morgan Klimchuk Sven Andrighetto Blake Heinrich Rinat Valiev
Goaltenders
Starting : Zachary Fucale
Backup : Kevin Lankinen
Extra Forwards
Normal : Rem Pitlick, Cristoval Nieves, David Kampf - PP : Rem Pitlick, Cristoval Nieves - PK : Rem Pitlick
Extra Defensemen
Normal : Matt Kiersted, Riley Stillman, Ty Smith - PP : Matt Kiersted - PK : Matt Kiersted, Riley Stillman
Penalty Shots
Sven Andrighetto, Morgan Klimchuk, Joe Snively, Lucas Wallmarkk, Rem Pitlick
Custom OT Lines Forwards
Sven Andrighetto, Morgan Klimchuk, Joe Snively, Lucas Wallmarkk, Rem Pitlick, Cristoval Nieves, David Kampf, Nick Sorensen, A.J. Greer, Oliver Wahlstrom
Custom OT Lines Defensemen
Blake Heinrich, Rinat Valiev, Mikko Lehtonen, Matt Kiersted, Riley Stillman
Scratches
Anthony Angello (Healthy), Benoit-Olivier Groulx (Healthy), Cooper Marody (Healthy), Laurent Dauphin (Healthy), Victor Berglund (Healthy)
Fabian Zetterlund (Healthy), David Gustafsson (Healthy), Cam York (Healthy), Kaedan Korczak (Healthy), Danil Zhuravlyov (Healthy)
Alex Beaucage (Healthy), Arsen Khisamutdinov (Healthy), Jacob Ingham (Healthy), Zachary Sawchenko (Healthy)
% Time on Ice - Canucks
Lines # - Real PCT - Wanted PCT - Time Play
Normal Forward
1 - 39% - 56% - 19:11
2 - 27% - 30% - 13:19
3 - 20% - 10% - 9:51
4 - 13% - 4% - 6:29
Normal Defense
1 - 44% - 56% - 21:36
2 - 33% - 30% - 16:00
3 - 23% - 10% - 11:14
4 - 0% - 4% - 0:00
PP Forward
1 - 54% - 60% - 3:15
2 - 46% - 40% - 2:49
PP Defense
1 - 57% - 60% - 3:26
2 - 43% - 40% - 2:38
PK Forward
1 - 74% - 60% - 2:56
2 - 26% - 40% - 1:02
PK Defense
1 - 64% - 60% - 2:32
2 - 36% - 40% - 1:26
PK3 Forward
1 - 0% - 60%
2 - 0% - 40%
PK3 Defense
1 - 0% - 60%
2 - 0% - 40%
44 Forward
1 - 0% - 60%
2 - 0% - 40%
44 Defense
1 - 0% - 60%
2 - 0% - 40%
Last Minute Offensive - 0:00
Last Minute Defensive - 1:08
Total
Forward - 60:00
Defense - 60:00
|
% Time on Ice - Phantoms
Lines # - Real PCT - Wanted PCT - Time Play
Normal Forward
1 - 33% - 40% - 16:01
2 - 27% - 30% - 13:07
3 - 23% - 20% - 11:25
4 - 17% - 10% - 8:18
Normal Defense
1 - 39% - 40% - 18:50
2 - 35% - 30% - 17:00
3 - 24% - 20% - 11:38
4 - 3% - 10% - 1:23
PP Forward
1 - 51% - 60% - 2:02
2 - 49% - 40% - 1:56
PP Defense
1 - 68% - 60% - 2:41
2 - 32% - 40% - 1:17
PK Forward
1 - 78% - 60% - 4:43
2 - 22% - 40% - 1:21
PK Defense
1 - 65% - 60% - 3:58
2 - 35% - 40% - 2:06
PK3 Forward
1 - 0% - 60%
2 - 0% - 40%
PK3 Defense
1 - 0% - 60%
2 - 0% - 40%
44 Forward
1 - 0% - 60%
2 - 0% - 40%
44 Defense
1 - 0% - 60%
2 - 0% - 40%
Last Minute Offensive - 1:07
Last Minute Defensive - 0:00
Total
Forward - 60:00
Defense - 60:00
|
Play-by-Play
1st period
0:01 of 1st period - Nicolas Petan wins face-off versus Joe Snively in neutral zone.
0:27 of 1st period - Axel Holmstrom is hit by Rem Pitlick.
0:31 of 1st period - Snap shot by Daniel Zaar.
0:31 of 1st period - Shot Blocked by Lucas Wallmarkk.
0:49 of 1st period - Slapshot by Juho Lammikko.
0:49 of 1st period - Stopped by Zachary Fucale with a rebound.
0:51 of 1st period - Snap shot by Aleksi Heponiemi.
0:51 of 1st period - Goal by Aleksi Heponiemi - Canucks : 1 - Phantoms : 0.
0:52 of 1st period - Ryan Lomberg wins face-off versus David Kampf in neutral zone.
0:59 of 1st period - Slapshot by Nicolas Petan.
0:59 of 1st period - Stopped by Zachary Fucale without a rebound.
1:00 of 1st period - Nicolas Petan wins face-off versus David Kampf in Phantoms zone.
1:39 of 1st period - Ty Smith is hit by Will Borgen and loses puck.
2:00 of 1st period - Wrist shot by Joe Snively.
2:00 of 1st period - Stopped by Thatcher Demko without a rebound.
2:01 of 1st period - Lucas Wallmarkk wins face-off versus Curtis Lazar in Canucks zone.
2:27 of 1st period - Mikko Lehtonen is hit by Mackenzie MacEachern.
2:37 of 1st period - Snap shot by Morgan Klimchuk.
2:37 of 1st period - Shot Misses the Net.
3:30 of 1st period - Slapshot by Aleksi Heponiemi.
3:30 of 1st period - Stopped by Zachary Fucale with a rebound.
3:38 of 1st period - Snap shot by Joe Snively.
3:38 of 1st period - Deflect By Adam Ollas-Mattsson.
3:38 of 1st period - Stopped by Thatcher Demko without a rebound.
3:39 of 1st period - Nicolas Petan wins face-off versus Cristoval Nieves in Canucks zone.
4:47 of 1st period - Off-side.
4:48 of 1st period - Cristoval Nieves wins face-off versus Nicolas Petan in neutral zone.
5:53 of 1st period - Backhand shot by Axel Holmstrom.
5:53 of 1st period - Shot Blocked by Matt Kiersted.
5:55 of 1st period - Slapshot by Will Borgen.
5:55 of 1st period - Shot Blocked by David Kampf.
6:14 of 1st period - Minor Penalty to William Lockwood for Delaying the game.
6:15 of 1st period - Nicolas Petan wins face-off versus Sven Andrighetto in Canucks zone.
7:03 of 1st period - Dan Renouf is hit by Sven Andrighetto and loses puck.
8:14 of 1st period - Penalty to William Lockwood is over, William Lockwood is back on ice.
8:18 of 1st period - Adam Ollas-Mattsson is hit by Brett Murray and loses puck.
8:23 of 1st period - Snap shot by Cristoval Nieves.
8:23 of 1st period - Shot Misses the Net.
8:25 of 1st period - Snap shot by Nick Sorensen.
8:25 of 1st period - Stopped by Thatcher Demko with a rebound.
8:27 of 1st period - Snap shot by Nick Sorensen.
8:27 of 1st period - Deflect By Brett Murray.
8:27 of 1st period - Stopped by Thatcher Demko with a rebound.
8:29 of 1st period - Slapshot by Ty Smith.
8:29 of 1st period - Shot Blocked by Adam Ollas-Mattsson.
8:31 of 1st period - Slapshot by Riley Stillman.
8:31 of 1st period - Shot Misses the Net.
8:42 of 1st period - Off-side.
8:43 of 1st period - David Kampf wins face-off versus Axel Holmstrom in neutral zone.
8:46 of 1st period - Slapshot by Mikko Lehtonen.
8:46 of 1st period - Deflect By William Lagesson.
8:46 of 1st period - Stopped by Thatcher Demko with a rebound.
8:48 of 1st period - Slapshot by Matt Kiersted.
8:48 of 1st period - Shot Blocked by Axel Holmstrom.
9:32 of 1st period - William Lockwood is hit by Brett Murray and loses puck.
10:05 of 1st period - Wrist shot by David Kampf.
10:05 of 1st period - Stopped by Thatcher Demko without a rebound.
10:06 of 1st period - Axel Holmstrom wins face-off versus Joe Snively in Canucks zone.
10:15 of 1st period - Snap shot by Axel Holmstrom.
10:15 of 1st period - Shot Misses the Net.
10:32 of 1st period - A.J. Greer is hit by Nicolas Petan and loses puck.
10:37 of 1st period - Slapshot by Ryan Lomberg.
10:37 of 1st period - Shot Misses the Net.
10:39 of 1st period - Snap shot by William Lagesson.
10:39 of 1st period - Deflect By Lucas Wallmarkk.
10:39 of 1st period - Stopped by Zachary Fucale without a rebound.
10:40 of 1st period - Nicolas Petan wins face-off versus A.J. Greer in Phantoms zone.
10:53 of 1st period - Slapshot by Ryan Lomberg.
10:53 of 1st period - Stopped by Zachary Fucale with a rebound.
10:55 of 1st period - Wrist shot by Daniil Miromanov.
10:55 of 1st period - Deflect By Lucas Wallmarkk.
10:55 of 1st period - Stopped by Zachary Fucale with a rebound.
11:25 of 1st period - Wrist shot by Mackenzie MacEachern.
11:25 of 1st period - Stopped by Zachary Fucale with a rebound.
12:05 of 1st period - Rinat Valiev is hit by Axel Holmstrom and loses puck.
12:37 of 1st period - Guillaume Brisebois is hit by Rinat Valiev and loses puck.
13:38 of 1st period - Wrist shot by Rem Pitlick.
13:38 of 1st period - Stopped by Thatcher Demko without a rebound.
13:39 of 1st period - Joe Snively wins face-off versus Nicolas Petan in Canucks zone.
14:10 of 1st period - Adam Ollas-Mattsson is hit by A.J. Greer and loses puck.
14:31 of 1st period - Snap shot by Cristoval Nieves.
14:31 of 1st period - Stopped by Thatcher Demko with a rebound.
14:45 of 1st period - C.J. Smith is hit by Nick Sorensen and loses puck.
15:50 of 1st period - Snap shot by Daniel Zaar.
15:50 of 1st period - Shot Misses the Net.
16:02 of 1st period - Wrist shot by Lucas Wallmarkk.
16:02 of 1st period - Shot Misses the Net.
16:04 of 1st period - Snap shot by Mikko Lehtonen.
16:04 of 1st period - Stopped by Thatcher Demko without a rebound.
16:05 of 1st period - Nicolas Petan wins face-off versus Cristoval Nieves in Canucks zone.
16:20 of 1st period - Slapshot by Cristoval Nieves.
16:20 of 1st period - Stopped by Thatcher Demko with a rebound.
16:30 of 1st period - Sven Andrighetto is hit by Axel Holmstrom and loses puck.
17:35 of 1st period - Backhand shot by David Kampf.
17:35 of 1st period - Stopped by Thatcher Demko with a rebound.
17:41 of 1st period - Snap shot by David Kampf.
17:41 of 1st period - Stopped by Thatcher Demko without a rebound.
17:42 of 1st period - Nicolas Petan wins face-off versus Joe Snively in Canucks zone.
18:16 of 1st period - Adam Ollas-Mattsson is hit by A.J. Greer and loses puck.
18:35 of 1st period - William Lockwood is hit by Brett Murray.
18:57 of 1st period - Morgan Klimchuk is hit by Nicolas Petan and loses puck.
19:18 of 1st period - Snap shot by Juho Lammikko.
19:18 of 1st period - Goal by Juho Lammikko - Canucks : 2 - Phantoms : 0.
19:19 of 1st period - Nicolas Petan wins face-off versus Joe Snively in neutral zone.
19:21 of 1st period - Minor Penalty to Sven Andrighetto for Delaying the game.
19:22 of 1st period - Joe Snively wins face-off versus Nicolas Petan in Phantoms zone.
Goals for this period are 2 for Canucks vs 0 for Phantoms.
Shots for this period are 9 for Canucks vs 12 for Phantoms.
2nd period
0:01 of 2nd period - Joe Snively wins face-off versus Nicolas Petan in neutral zone.
0:04 of 2nd period - Adam Ollas-Mattsson is hit by Joe Snively and loses puck.
0:19 of 2nd period - Joe Snively is hit by Nicolas Petan.
0:38 of 2nd period - Off-side.
0:39 of 2nd period - Lucas Wallmarkk wins face-off versus Axel Holmstrom in neutral zone.
1:17 of 2nd period - Snap shot by Daniel Zaar.
1:17 of 2nd period - Shot Misses the Net.
1:19 of 2nd period - Slapshot by Daniil Miromanov.
1:19 of 2nd period - Goal by Daniil Miromanov - Canucks : 3 - Phantoms : 0.
1:20 of 2nd period - Joe Snively wins face-off versus Nicolas Petan in neutral zone.
1:25 of 2nd period - Slapshot by Blake Heinrich.
1:25 of 2nd period - Deflect By Ryan Lomberg.
1:25 of 2nd period - Stopped by Thatcher Demko without a rebound.
1:26 of 2nd period - Joe Snively wins face-off versus Nicolas Petan in Canucks zone.
1:43 of 2nd period - Snap shot by Morgan Klimchuk.
1:43 of 2nd period - Stopped by Thatcher Demko with a rebound.
2:14 of 2nd period - Off-side.
2:15 of 2nd period - Lucas Wallmarkk wins face-off versus Axel Holmstrom in neutral zone.
2:40 of 2nd period - Morgan Klimchuk is hit by Mackenzie MacEachern and loses puck.
2:51 of 2nd period - Wrist shot by Mackenzie MacEachern.
2:51 of 2nd period - Shot Misses the Net.
3:04 of 2nd period - Minor Penalty to Will Borgen for Tripping.
3:05 of 2nd period - Joe Snively wins face-off versus Nicolas Petan in Canucks zone.
3:11 of 2nd period - Slapshot by Joe Snively.
3:11 of 2nd period - Shot Misses the Net.
3:13 of 2nd period - Snap shot by Blake Heinrich.
3:13 of 2nd period - Deflect By Dan Renouf.
3:13 of 2nd period - Stopped by Thatcher Demko with a rebound.
3:21 of 2nd period - Snap shot by Sven Andrighetto.
3:21 of 2nd period - Deflect By Ryan Lomberg.
3:21 of 2nd period - Stopped by Thatcher Demko with a rebound.
4:33 of 2nd period - Blake Heinrich is hit by Juho Lammikko and loses puck.
5:04 of 2nd period - Penalty to Will Borgen is over, Will Borgen is back on ice.
5:21 of 2nd period - Slapshot by William Lockwood.
5:21 of 2nd period - Deflect By Lane Pederson.
5:21 of 2nd period - Stopped by Zachary Fucale without a rebound.
5:22 of 2nd period - Aleksi Heponiemi wins face-off versus David Kampf in Phantoms zone.
5:23 of 2nd period - Snap shot by Juho Lammikko.
5:23 of 2nd period - Shot Misses the Net.
5:25 of 2nd period - Slapshot by Daniil Miromanov.
5:25 of 2nd period - Shot Misses the Net.
5:27 of 2nd period - Snap shot by Juho Lammikko.
5:27 of 2nd period - Stopped by Zachary Fucale without a rebound.
5:28 of 2nd period - Aleksi Heponiemi wins face-off versus David Kampf in Phantoms zone.
5:31 of 2nd period - Wrist shot by Juho Lammikko.
5:31 of 2nd period - Shot Misses the Net.
5:33 of 2nd period - Slapshot by William Lagesson.
5:33 of 2nd period - Shot Blocked by Matt Kiersted.
5:35 of 2nd period - Slapshot by William Lagesson.
5:35 of 2nd period - Shot Blocked by Oliver Wahlstrom.
5:37 of 2nd period - Slapshot by Daniil Miromanov.
5:37 of 2nd period - Stopped by Zachary Fucale without a rebound.
5:38 of 2nd period - Nicolas Petan wins face-off versus Sven Andrighetto in Phantoms zone.
5:43 of 2nd period - Wrist shot by Ryan Lomberg.
5:43 of 2nd period - Shot Misses the Net.
5:45 of 2nd period - Slapshot by Dan Renouf.
5:45 of 2nd period - Deflect By Curtis Lazar.
5:45 of 2nd period - Stopped by Zachary Fucale without a rebound.
5:46 of 2nd period - Joe Snively wins face-off versus Nicolas Petan in Phantoms zone.
5:53 of 2nd period - Wrist shot by Curtis Lazar.
5:53 of 2nd period - Stopped by Zachary Fucale without a rebound.
5:54 of 2nd period - Nicolas Petan wins face-off versus Joe Snively in Phantoms zone.
6:03 of 2nd period - Slapshot by Ryan Lomberg.
6:03 of 2nd period - Stopped by Zachary Fucale with a rebound.
6:05 of 2nd period - Snap shot by Ryan Lomberg.
6:05 of 2nd period - Shot Blocked by Blake Heinrich.
6:07 of 2nd period - Snap shot by Curtis Lazar.
6:07 of 2nd period - Shot Misses the Net.
6:09 of 2nd period - Snap shot by Adam Ollas-Mattsson.
6:09 of 2nd period - Shot Misses the Net.
6:19 of 2nd period - A.J. Greer is hit by Axel Holmstrom and loses puck.
6:26 of 2nd period - Snap shot by Daniel Zaar.
6:26 of 2nd period - Shot Misses the Net.
7:23 of 2nd period - Snap shot by Trevor Moore.
7:23 of 2nd period - Shot Misses the Net.
8:18 of 2nd period - Minor Penalty to Nick Sorensen for Tripping.
8:19 of 2nd period - Joe Snively wins face-off versus Nicolas Petan in Phantoms zone.
8:19 of 2nd period - Joe Snively is hit by Nicolas Petan.
8:33 of 2nd period - Snap shot by Joe Snively.
8:33 of 2nd period - Shot Misses the Net.
9:14 of 2nd period - Matt Kiersted is hit by Nicolas Petan and loses puck.
10:15 of 2nd period - Adam Ollas-Mattsson is hit by Rinat Valiev and loses puck.
10:18 of 2nd period - Penalty to Nick Sorensen is over, Nick Sorensen is back on ice.
10:32 of 2nd period - Snap shot by William Lockwood.
10:32 of 2nd period - Shot Hit the Post.
10:34 of 2nd period - Slapshot by Lane Pederson.
10:34 of 2nd period - Shot Blocked by Lucas Wallmarkk.
10:36 of 2nd period - Snap shot by C.J. Smith.
10:36 of 2nd period - Stopped by Zachary Fucale with a rebound.
10:38 of 2nd period - Snap shot by Guillaume Brisebois.
10:38 of 2nd period - Shot Blocked by A.J. Greer.
11:30 of 2nd period - Wrist shot by Nick Sorensen.
11:30 of 2nd period - Goal by Nick Sorensen - Canucks : 3 - Phantoms : 1.
11:31 of 2nd period - Nicolas Petan wins face-off versus Joe Snively in neutral zone.
11:41 of 2nd period - Wrist shot by Joe Snively.
11:41 of 2nd period - Shot Misses the Net.
11:43 of 2nd period - Slapshot by Mikko Lehtonen.
11:43 of 2nd period - Stopped by Thatcher Demko with a rebound.
11:45 of 2nd period - Snap shot by Sven Andrighetto.
11:45 of 2nd period - Stopped by Thatcher Demko with a rebound.
11:47 of 2nd period - Wrist shot by Matt Kiersted.
11:47 of 2nd period - Shot Blocked by Dan Renouf.
11:57 of 2nd period - Mikko Lehtonen is hit by Trevor Moore and loses puck.
12:08 of 2nd period - Snap shot by Daniel Zaar.
12:08 of 2nd period - Stopped by Zachary Fucale without a rebound.
12:09 of 2nd period - Nicolas Petan wins face-off versus Joe Snively in Phantoms zone.
12:10 of 2nd period - Slapshot by Ryan Lomberg.
12:10 of 2nd period - Stopped by Zachary Fucale with a rebound.
12:12 of 2nd period - Wrist shot by Ryan Lomberg.
12:12 of 2nd period - Stopped by Zachary Fucale with a rebound.
12:47 of 2nd period - Snap shot by Rem Pitlick.
12:47 of 2nd period - Shot Misses the Net.
12:59 of 2nd period - Dan Renouf is hit by Matt Kiersted and loses puck.
13:21 of 2nd period - Dan Renouf is hit by Matt Kiersted and loses puck.
13:26 of 2nd period - Snap shot by Ryan Lomberg.
13:26 of 2nd period - Shot Blocked by Mikko Lehtonen.
13:28 of 2nd period - Backhand shot by Nicolas Petan.
13:28 of 2nd period - Shot Blocked by Mikko Lehtonen.
13:30 of 2nd period - Snap shot by Ryan Lomberg.
13:30 of 2nd period - Stopped by Zachary Fucale with a rebound.
13:32 of 2nd period - Slapshot by Ryan Lomberg.
13:32 of 2nd period - Shot Misses the Net.
13:50 of 2nd period - Wrist shot by Juho Lammikko.
13:50 of 2nd period - Stopped by Zachary Fucale with a rebound.
13:52 of 2nd period - Slapshot by Juho Lammikko.
13:52 of 2nd period - Shot Misses the Net.
13:58 of 2nd period - Minor Penalty to Sven Andrighetto for Hooking.
13:59 of 2nd period - Joe Snively wins face-off versus Nicolas Petan in Phantoms zone.
14:41 of 2nd period - Morgan Klimchuk is hit by Daniel Zaar and loses puck.
15:58 of 2nd period - Penalty to Sven Andrighetto is over, Sven Andrighetto is back on ice.
15:59 of 2nd period - Icing by Brett Murray.
16:00 of 2nd period - Joe Snively wins face-off versus Axel Holmstrom in Phantoms zone.
16:14 of 2nd period - Minor Penalty to Brett Murray for Tripping.
16:15 of 2nd period - Curtis Lazar wins face-off versus Joe Snively in Phantoms zone.
16:22 of 2nd period - Wrist shot by Curtis Lazar.
16:22 of 2nd period - Goal by Curtis Lazar - Canucks : 4 - Phantoms : 1.
16:23 of 2nd period - Nicolas Petan wins face-off versus Joe Snively in neutral zone.
16:40 of 2nd period - Wrist shot by Morgan Klimchuk.
16:40 of 2nd period - Stopped by Thatcher Demko without a rebound.
16:41 of 2nd period - Lucas Wallmarkk wins face-off versus Axel Holmstrom in Canucks zone.
16:47 of 2nd period - Off-side.
16:48 of 2nd period - Axel Holmstrom wins face-off versus Lucas Wallmarkk in neutral zone.
17:34 of 2nd period - Slapshot by Nick Sorensen.
17:34 of 2nd period - Goal by Nick Sorensen - Canucks : 4 - Phantoms : 2.
17:35 of 2nd period - Nicolas Petan wins face-off versus Joe Snively in neutral zone.
18:13 of 2nd period - Wrist shot by Aleksi Heponiemi.
18:13 of 2nd period - Stopped by Zachary Fucale without a rebound.
18:14 of 2nd period - Lucas Wallmarkk wins face-off versus Nicolas Petan in Phantoms zone.
18:35 of 2nd period - Curtis Lazar is hit by A.J. Greer and loses puck.
18:46 of 2nd period - Wrist shot by Ryan Lomberg.
18:46 of 2nd period - Deflect By Curtis Lazar.
18:46 of 2nd period - Shot Blocked by Rinat Valiev.
18:46 of 2nd period - Puck is out of play.
18:47 of 2nd period - Joe Snively wins face-off versus Axel Holmstrom in Phantoms zone.
18:59 of 2nd period - Off-side.
19:00 of 2nd period - Nicolas Petan wins face-off versus Joe Snively in neutral zone.
19:27 of 2nd period - Rinat Valiev is hit by Trevor Moore.
19:51 of 2nd period - Backhand shot by David Kampf.
19:51 of 2nd period - Stopped by Thatcher Demko without a rebound.
19:52 of 2nd period - David Kampf wins face-off versus Lane Pederson in Canucks zone.
19:52 of 2nd period - David Kampf is hit by Lane Pederson.
Goals for this period are 2 for Canucks vs 2 for Phantoms.
Shots for this period are 15 for Canucks vs 10 for Phantoms.
3rd period
0:01 of 3rd period - Nicolas Petan wins face-off versus Joe Snively in neutral zone.
0:26 of 3rd period - A.J. Greer is hit by Daniel Zaar and loses puck.
0:47 of 3rd period - Cristoval Nieves is hit by Mackenzie MacEachern and loses puck.
1:12 of 3rd period - Snap shot by David Kampf.
1:12 of 3rd period - Stopped by Thatcher Demko without a rebound.
1:13 of 3rd period - Joe Snively wins face-off versus Ryan Lomberg in Canucks zone.
1:30 of 3rd period - Snap shot by Morgan Klimchuk.
1:30 of 3rd period - Stopped by Thatcher Demko with a rebound.
1:40 of 3rd period - Slapshot by Cristoval Nieves.
1:40 of 3rd period - Shot Misses the Net.
2:08 of 3rd period - Snap shot by Nicolas Petan.
2:08 of 3rd period - Deflect By Ryan Lomberg.
2:08 of 3rd period - Stopped by Zachary Fucale with a rebound.
2:30 of 3rd period - Snap shot by Curtis Lazar.
2:30 of 3rd period - Stopped by Zachary Fucale with a rebound.
2:36 of 3rd period - Wrist shot by Ryan Lomberg.
2:36 of 3rd period - Shot Blocked by Rinat Valiev.
2:38 of 3rd period - Slapshot by Adam Ollas-Mattsson.
2:38 of 3rd period - Stopped by Zachary Fucale without a rebound.
2:39 of 3rd period - Joe Snively wins face-off versus Axel Holmstrom in Phantoms zone.
2:44 of 3rd period - Slapshot by Matt Kiersted.
2:44 of 3rd period - Stopped by Thatcher Demko with a rebound.
4:14 of 3rd period - A.J. Greer is hit by Dan Renouf and loses puck.
4:29 of 3rd period - William Lockwood is hit by Joe Snively and loses puck.
6:06 of 3rd period - Snap shot by Nicolas Petan.
6:06 of 3rd period - Stopped by Zachary Fucale without a rebound.
6:07 of 3rd period - Nicolas Petan wins face-off versus Joe Snively in Phantoms zone.
6:29 of 3rd period - Snap shot by Sven Andrighetto.
6:29 of 3rd period - Shot Blocked by Will Borgen.
6:31 of 3rd period - Slapshot by Matt Kiersted.
6:31 of 3rd period - Shot Misses the Net.
6:33 of 3rd period - Wrist shot by Morgan Klimchuk.
6:33 of 3rd period - Shot Misses the Net.
6:35 of 3rd period - Slapshot by Matt Kiersted.
6:35 of 3rd period - Shot Blocked by Guillaume Brisebois.
6:43 of 3rd period - Wrist shot by Morgan Klimchuk.
6:43 of 3rd period - Stopped by Thatcher Demko without a rebound.
6:44 of 3rd period - Axel Holmstrom wins face-off versus A.J. Greer in Canucks zone.
7:30 of 3rd period - Snap shot by Lane Pederson.
7:30 of 3rd period - Goal by Lane Pederson - Canucks : 5 - Phantoms : 2.
7:31 of 3rd period - Nicolas Petan wins face-off versus Joe Snively in neutral zone.
8:57 of 3rd period - Slapshot by Nick Sorensen.
8:57 of 3rd period - Stopped by Thatcher Demko without a rebound.
8:58 of 3rd period - Joe Snively wins face-off versus Lane Pederson in Canucks zone.
9:03 of 3rd period - Snap shot by Joe Snively.
9:03 of 3rd period - Shot Blocked by Guillaume Brisebois.
9:05 of 3rd period - Snap shot by Joe Snively.
9:05 of 3rd period - Shot Blocked by Will Borgen.
9:07 of 3rd period - Slapshot by Blake Heinrich.
9:07 of 3rd period - Deflect By Joe Snively.
9:07 of 3rd period - Shot Misses the Net.
9:07 of 3rd period - Puck is out of play.
9:08 of 3rd period - Nicolas Petan wins face-off versus Joe Snively in Canucks zone.
9:43 of 3rd period - Snap shot by Lucas Wallmarkk.
9:43 of 3rd period - Stopped by Thatcher Demko with a rebound.
9:45 of 3rd period - Slapshot by A.J. Greer.
9:45 of 3rd period - Stopped by Thatcher Demko with a rebound.
10:00 of 3rd period - Slapshot by Juho Lammikko.
10:00 of 3rd period - Shot Blocked by Riley Stillman.
10:02 of 3rd period - Snap shot by Mackenzie MacEachern.
10:02 of 3rd period - Stopped by Zachary Fucale without a rebound.
10:03 of 3rd period - Joe Snively wins face-off versus Nicolas Petan in Phantoms zone.
10:03 of 3rd period - Joe Snively is hit by Adam Ollas-Mattsson.
10:08 of 3rd period - Off-side.
10:09 of 3rd period - Nicolas Petan wins face-off versus Joe Snively in neutral zone.
10:18 of 3rd period - Sven Andrighetto is hit by Nicolas Petan and loses puck.
10:25 of 3rd period - Slapshot by Rinat Valiev.
10:25 of 3rd period - Deflect By Nicolas Petan.
10:25 of 3rd period - Stopped by Thatcher Demko with a rebound.
11:50 of 3rd period - Slapshot by Juho Lammikko.
11:50 of 3rd period - Stopped by Zachary Fucale without a rebound.
11:51 of 3rd period - Axel Holmstrom wins face-off versus Joe Snively in Phantoms zone.
12:00 of 3rd period - William Lagesson is hit by Joe Snively and loses puck.
12:29 of 3rd period - Slapshot by Curtis Lazar.
12:29 of 3rd period - Shot Misses the Net.
13:50 of 3rd period - Icing by Matt Kiersted.
13:51 of 3rd period - Nicolas Petan wins face-off versus Lucas Wallmarkk in Phantoms zone.
13:56 of 3rd period - Slapshot by Nicolas Petan.
13:56 of 3rd period - Shot Blocked by Matt Kiersted.
14:46 of 3rd period - Snap shot by Lucas Wallmarkk.
14:46 of 3rd period - Deflect By Rem Pitlick.
14:46 of 3rd period - Stopped by Thatcher Demko with a rebound.
14:48 of 3rd period - Backhand shot by Mikko Lehtonen.
14:48 of 3rd period - Shot Blocked by Ryan Lomberg.
14:50 of 3rd period - Slapshot by Mikko Lehtonen.
14:50 of 3rd period - Deflect By Rem Pitlick.
14:50 of 3rd period - Shot Misses the Net.
14:50 of 3rd period - Puck is out of play.
14:51 of 3rd period - Joe Snively wins face-off versus Nicolas Petan in Canucks zone.
14:56 of 3rd period - Wrist shot by Morgan Klimchuk.
14:56 of 3rd period - Goal by Morgan Klimchuk - Canucks : 5 - Phantoms : 3.
14:57 of 3rd period - Joe Snively wins face-off versus Nicolas Petan in neutral zone.
15:27 of 3rd period - Slapshot by Daniil Miromanov.
15:27 of 3rd period - Shot Misses the Net.
15:43 of 3rd period - Slapshot by Nicolas Petan.
15:43 of 3rd period - Shot Blocked by Brett Murray.
15:56 of 3rd period - Rinat Valiev is hit by Will Borgen and loses puck.
16:22 of 3rd period - Snap shot by Joe Snively.
16:22 of 3rd period - Goal by Joe Snively - Canucks : 5 - Phantoms : 4.
16:23 of 3rd period - Joe Snively wins face-off versus Nicolas Petan in neutral zone.
16:28 of 3rd period - Snap shot by Sven Andrighetto.
16:28 of 3rd period - Shot Blocked by Nicolas Petan.
17:28 of 3rd period - Wrist shot by Josiah Slavin.
17:28 of 3rd period - Stopped by Thatcher Demko without a rebound.
17:29 of 3rd period - David Kampf wins face-off versus Axel Holmstrom in Canucks zone.
18:00 of 3rd period - Snap shot by Cristoval Nieves.
18:00 of 3rd period - Shot Blocked by Axel Holmstrom.
18:02 of 3rd period - Slapshot by Cristoval Nieves.
18:02 of 3rd period - Shot Blocked by Daniel Zaar.
18:04 of 3rd period - Wrist shot by Cristoval Nieves.
18:04 of 3rd period - Stopped by Thatcher Demko without a rebound.
18:05 of 3rd period - Nicolas Petan wins face-off versus Cristoval Nieves in Canucks zone.
18:31 of 3rd period - William Lagesson is hit by Morgan Klimchuk and loses puck.
19:04 of 3rd period - Phantoms, Zachary Fucale is pulled from the net.
19:12 of 3rd period - Slapshot by Joe Snively.
19:12 of 3rd period - Shot Blocked by Ryan Lomberg.
19:14 of 3rd period - Wrist shot by Mikko Lehtonen.
19:14 of 3rd period - Stopped by Thatcher Demko without a rebound.
19:15 of 3rd period - Kevin Dineen call a timeout for Phantoms.
19:15 of 3rd period - Sven Andrighetto wins face-off versus Nicolas Petan in Canucks zone.
19:53 of 3rd period - Snap shot by Ryan Lomberg.
19:53 of 3rd period - Goal by Ryan Lomberg - Canucks : 6 - Phantoms : 4.
19:53 of 3rd period - Zachary Fucale from Phantoms was sent back in the game.
19:54 of 3rd period - Joe Snively wins face-off versus Nicolas Petan in neutral zone.
Goals for this period are 2 for Canucks vs 2 for Phantoms.
Shots for this period are 8 for Canucks vs 14 for Phantoms.